 Dungeon Crawl Stone Soup version 0.26-a0-412-ga3d1f51b (webtiles) character file.

Game seed: 3553398517033336471

1521 Illumine the Fighter (level 8, -7/89 HPs)
             Began as an Ogre Fighter on July 24, 2020.
             Was a Follower of Okawaru.
             Mangled by an orc wizard
             ... wielding a +1 dagger of electrocution
              (19 damage)
             ... on level 5 of the Dungeon.
             The game lasted 00:12:06 (7694 turns).

Illumine the Fighter (Ogre Fighter)                 Turns: 7694, Time: 00:12:06

Health: -7/89      AC:  4    Str: 23    XL:     8   Next: 84%
Magic:  8/8        EV: 11    Int:  9    God:    Okawaru [*.....]
Gold:   203        SH:  0    Dex:  8    Spells: 7/7 levels left

rFire    . . .     SeeInvis .   w - +0 giant spiked club
rCold    . . .     Faith    .   (shield currently unavailable)
rNeg     . . .     Spirit   .   b - +0 robe
rPois    .         Reflect  .   (helmet restricted)
rElec    .         Harm     .   q - +0 cloak
rCorr    .                      (gloves unavailable)
MR       .....                  (boots unavailable)
Stlth    +.........             (no amulet)
HPRegen  0.24/turn              (no ring)
MPRegen  0.11/turn              (no ring)

@: no status effects
A: large, unfitting armour, tough skin 1
a: Heroism, Renounce Religion


You were on level 5 of the Dungeon.
You worshipped Okawaru.
Okawaru was aware of your devotion.
You visited 2 branches of the dungeon, and saw 7 of its levels.

You collected 203 gold pieces.

Inventory:

Hand Weapons
 v - a +0 giant club
 w - a +0 giant spiked club (weapon)
Missiles
 d - 215 stones (quivered)
 u - 2 throwing nets
Armour
 b - a +0 robe (worn)
 c - a +0 kite shield
 q - a +0 cloak (worn)
Jewellery
 j - a -4 ring of strength
 r - the cursed ring "Gyzxod" {rN+ EV-4}
   (You found it on level 4 of the Dungeon)

   [ring of evasion]

   It affects your evasion (-4).
   It protects you from negative energy.
   It has a curse placed upon it.
Wands
 a - a wand of random effects (12)
 m - a wand of enslavement (7)
 n - a wand of flame (7)
Scrolls
 e - 2 scrolls of amnesia
 f - a scroll of teleportation
 g - 2 scrolls of enchant weapon
 h - a scroll of magic mapping
 i - 3 scrolls of identify
 k - a scroll of blinking
 p - a scroll of fog
 x - a scroll of remove curse
Potions
 l - 2 potions of curing
 o - 2 potions of haste {unknown}
 s - 3 potions of mutation {unknown}
 t - a potion of heal wounds {unknown}


   Skills:
 + Level 8.3 Fighting
 * Level 7.4 Maces & Flails
 + Level 5.0 Dodging
 - Level 2.6 Shields


You had 7 spell levels left.
You didn't know any spells.
Your spell library was empty.

Dungeon Overview and Level Annotations

Branches:
Dungeon (6/15)             Temple (1/1) D:4

Altars:
Ashenzari
Cheibriados
Dithmenos
Elyvilon
Fedhas
Hepliaklqana
Kikubaaqudgha
Okawaru
Qazlal
Ru
Sif Muna
Trog
Uskayaw
Vehumet
Wu Jian
Xom
Yredelemnul
Zin
The Shining One


Innate Abilities, Weirdness & Mutations

You are too large for most types of armour.
You have tough skin. (AC +1)


Message History

You barely miss something. Something hits you but does no damage.
You are electrocuted!
There is a stone staircase leading down here.
You completely miss something. Something hits you but does no damage.
Something hits you.
You are electrocuted!
There is a stone staircase leading down here.
You barely miss something. Something hits you.
* * * LOW HITPOINT WARNING * * *
There is a stone staircase leading down here.
You barely miss something. Something hits you.
* * * LOW HITPOINT WARNING * * *
Something hits you.
* * * LOW HITPOINT WARNING * * *
You are electrocuted!
* * * LOW HITPOINT WARNING * * *
There is a stone staircase leading down here.
You miss something. Something hits you.
* * * LOW HITPOINT WARNING * * *
You are electrocuted!!
You die...

####'#######..##.# ##### #
#...)...###.##.# #...# #
#.......# #.##.# #...#
#.......# #..#.# #...#
#.......# ##.#.# #...#
#######.# #...# #...#
##### #.# ##..# #...#
#...# ###.#
#..###...#####.#.# #...#
#)@{...........#.#
#>######################.#
#...........†.........##.#
#####################.##.#
#....# ######


There were no monsters in sight!

Vanquished Creatures
  Sigmund (D:5)
  A sky beast (D:5)
  An orc warrior (D:5)
  A phantom (D:4)
  2 ogres
  A centaur (D:5)
  A scorpion (D:5)
  2 bullfrog zombies (D:5)
  4 hounds
  A centaur skeleton (D:5)
  2 orc priests (D:5)
  3 orc wizards
  2 iguanas (D:4)
  5 worker ants
  A killer bee zombie (D:5)
  7 adders
  2 white imps
  An ufetubus (D:5)
  4 oozes
  An adder zombie (D:5)
  An adder skeleton (D:4)
  4 worms
  2 dart slugs (D:1)
  2 leopard geckos
  19 orcs
  2 ball pythons
  4 giant cockroaches
  7 goblins
  5 hobgoblins
  6 jackals (D:3)
  7 bats
  4 frilled lizards
  2 jackal skeletons
  7 kobolds
  A quokka zombie (D:5)
  6 rats
122 creatures vanquished.

Vanquished Creatures (others)
  An orc (D:5)
1 creature vanquished.

Grand Total: 123 creatures vanquished

Notes
Turn   | Place    | Note
-------+----------+-------------------------------------------
     0 | D:1      | Illumine the Ogre Fighter began the quest for the Orb.
     0 | D:1      | Reached XP level 1. HP: 24/24 MP: 1/1
   282 | D:1      | Reached XP level 2. HP: 32/32 MP: 2/2
   586 | D:1      | Reached XP level 3. HP: 40/40 MP: 3/3
  1482 | D:2      | Reached XP level 4. HP: 47/49 MP: 4/4
  2059 | D:2      | Reached skill level 5 in Fighting
  3123 | D:3      | Reached XP level 5. HP: 57/57 MP: 5/5
  3762 | D:3      | Found an ornate altar of the Wu Jian Council.
  3887 | D:3      | Found a glowing silver altar of Zin.
  4211 | D:4      | Reached XP level 6. HP: 60/67 MP: 6/6
  4221 | D:4      | Got a faintly glowing brass ring
  4222 | D:4      | Identified the cursed ring "Gyzxod" {rN+ EV-4} (You found
                  | it on level 4 of the Dungeon)
  4251 | D:4      | Found a stormy altar of Qazlal.
  4453 | D:4      | Reached skill level 6 in Fighting
  4533 | D:4      | Found a staircase to the Ecumenical Temple.
  4599 | Temple   | Entered the Ecumenical Temple
  4725 | Temple   | Became a worshipper of Warmaster Okawaru
  4767 | D:4      | Found a snail-covered altar of Cheibriados.
  4767 | D:4      | Found a shattered altar of Ashenzari.
  4801 | D:4      | Reached skill level 5 in Maces & Flails
  4801 | D:4      | Reached XP level 7. HP: 71/76 MP: 7/7
  5338 | D:5      | Entered Level 5 of the Dungeon
  5381 | D:5      | Reached * piety under Okawaru
  5499 | D:5      | Reached skill level 7 in Fighting
  6005 | D:5      | Reached XP level 8. HP: 76/87 MP: 8/8
  6538 | D:5      | Noticed Sigmund
  7197 | D:5      | Killed Sigmund
  7197 | D:5      | Reached skill level 8 in Fighting
  7415 | D:5      | Reached skill level 5 in Dodging
  7694 | D:5      | Mangled by an orc wizard

Illustrated notes

Levels and vault maps discovered:
D:1:      lightli_arrival_lavapool, layout_basic, minmay_misc_feat_pillars
D:2:      layout_loops_corners
D:3:      layout_rooms, lemuel_doored_altar, zin_treasury, st_stairs_12
D:4:      layout_loops_ring, gammafunk_temple_overflow_wave, temple_pool_b,
          hangedman_decor_clover_reticule, grunt_qazlal_sundering
D:5:      layout_basic, uniq_sigmund
D:6:      layout_rooms, serial_shops, kennysheep_mini_moat, uniq_duvessa
Temple:   regret_index_temple_sphere_string

Skill      XL: |  1  2  3  4  5  6  7  8 |
---------------+-------------------------+-----
Maces & Flails | 2 3 4 5 6 7 |  7.4
Fighting       | 5 6 7 8 |  8.3
Dodging        | 3 4 5 |  5.0
Shields        | |  2.6

Action                   |  1- 3 |  4- 6 |  7- 9 || total
-------------------------+-------+-------+-------++-------
Melee: Flail             |    83 |   134 |       ||   217
       Morningstar       |       |    83 |       ||    83
       Giant spiked club |       |       |   110 ||   110
       Giant club        |       |       |    27 ||    27
Throw: Stone             |       |    53 |    58 ||   111
Evoke: Wand              |       |       |     2 ||     2
  Use: Potion            |     1 |     1 |       ||     2
       Scroll            |       |     7 |     2 ||     9
Armor: Robe              |    32 |    41 |    28 ||   101
Dodge: Dodged            |    33 |    76 |    85 ||   194
Block: Kite shield       |    28 |    86 |       ||   114

Table legend: (Time is in decaauts)
 A = Elapsed time spent in this place.
 B = Non-inter-level travel time spent in this place.
 C = Inter-level travel time spent in this place.
 D = Time resting spent in this place.
 E = Time spent auto-exploring this place.
 F = Levels seen in this place.
 G = Mean time per level.
                   A        B        C        D        E       F      G
               +--------+--------+--------+--------+--------+-----+--------+
         Total |   7889 |   7631 |    258 |   2726 |   3484 |   7 | 1127.0 |
       Dungeon |   7749 |   7503 |    246 |   2726 |   3362 |   6 | 1291.5 |
        Temple |    139 |    127 |     12 |      0 |    122 |   1 |  139.0 |
               +--------+--------+--------+--------+--------+-----+--------+

Top non-repeatable levels by time:
     D:5: 2056 daAuts
     D:2: 1846 daAuts
     D:4: 1642 daAuts
     D:3: 1219 daAuts
     D:1: 963 daAuts
  Temple: 139 daAuts
     D:6: 21 daAuts
